 Dungeon Crawl Stone Soup version 0.21.1-1-g345015f (webtiles) character file.

1058 inc the Nimble (level 8, 40/40 HPs)
             Began as a Felid Fighter on Apr 22, 2018.
             Was a Believer of Qazlal.
             Quit the game on level 7 of the Dungeon.
             The game lasted 00:13:03 (7410 turns).

inc the Nimble (Felid Fighter)                      Turns: 7410, Time: 00:13:04

Health: 40/40      AC:  3    Str: 15    XL:     8   Next: 6%
Magic:  13/13      EV: 28    Int:  9    God:    Qazlal [**....]
Gold:   274        SH:  2    Dex: 16    Spells: 7/7 levels left
                                        Lives:  0   Deaths: 2

rFire    . . .     SeeInvis +     - Unarmed
rCold    . . .     Gourm    .   (shield unavailable)
rNeg     . . .     Faith    .   (armour unavailable)
rPois    .         Spirit   .   (helmet unavailable)
rElec    .         Reflect  .   (cloak unavailable)
rCorr    .         Harm     .   (gloves unavailable)
MR       +....                  (boots unavailable)
Stlth    ++........             n - amulet of rage
HPRegen  0.13/turn              (no ring)
MPRegen  0.13/turn              (no ring)

@: quick
A: very small, no armour, no weapons or thrown items, stealth, claws 1, fangs 3,
rugged brown scales 1, see invisible, carnivore, speed 1, sense surroundings 1,
shaggy fur 2, slow metabolism 1, sharp paws
a: Upheaval, Renounce Religion, Evoke Berserk Rage


You were on level 7 of the Dungeon.
You worshipped Qazlal.
Qazlal was pleased with you.
You were not hungry.

You visited 1 branch of the dungeon, and saw 7 of its levels.

You collected 274 gold pieces.

Inventory:

Jewellery
 n - an amulet of rage (around neck)
 p - an uncursed ring of flight {unknown}
 t - an uncursed ring of magical power {unknown}
Scrolls
 a - a scroll of summoning {unknown}
 e - 2 scrolls of enchant weapon {unknown}
 f - a scroll of random uselessness {unknown}
 h - a scroll of immolation {unknown}
 i - 4 scrolls of teleportation {unknown}
 k - 3 scrolls of remove curse {unknown}
 m - a scroll of noise {unknown}
 q - 3 scrolls of identify
 r - 3 scrolls of fear {unknown}
 u - a scroll of blinking {unknown}
Potions
 c - 2 potions of haste
 d - 2 potions of mutation
 g - 5 potions of curing
 j - 4 potions of heal wounds
 l - a potion of agility
 o - a potion of berserk rage
 s - a potion of cancellation {unknown}
 v - a potion of invisibility {unknown}
 w - 2 potions of flight {unknown}
Comestibles
 b - 11 rations


   Skills:
 - Level 6.6 Fighting
 + Level 12.1 Dodging
 - Level 4.0 Unarmed Combat
 - Level 6.2 Evocations


You had 7 spell levels left.
You didn't know any spells.

Dungeon Overview and Level Annotations

Branches:
Dungeon (7/15)             Temple (0/1) D:5

Altars:
Dithmenos
Makhleb
Nemelex Xobeh
Okawaru
Qazlal
Ru
Zin

Shops:
D:4 =

Annotations:
D:7 Dowan, Duvessa


Innate Abilities, Weirdness & Mutations

You cannot wear armour.
You are incapable of wielding weapons or throwing items.
Your paws allow you to move quietly. (Stealth)
You have sharp claws.
You have razor-sharp teeth.
You have supernaturally acute eyesight. (SInv)
You are carnivorous and can eat meat at any time.
You cover ground quickly.
You are covered in thick fur. (AC +2)
You have a slow metabolism.
Your sharp claws are effective at attacking unaware monsters.
You are partially covered in rugged brown scales. (AC +1, +3% HP)
You passively map a small area around you.


Message History

The killer bee completely misses you.
A killer bee comes into view.
You claw the two-headed ogre!
The two-headed ogre is severely wounded.
You block the killer bee's attack. The killer bee stings you.
* * * LOW HITPOINT WARNING * * *
The killer bee barely misses you.
You scratch the two-headed ogre.
The two-headed ogre is severely wounded.
The killer bee barely misses you. The killer bee stings you.
* * * LOW HITPOINT WARNING * * *
You are poisoned.
The killer bee poisons you!
The two-headed ogre hits you with a giant spiked club!!
You die...
The two-headed ogre hits you with a giant spiked club!!
You are now level 8!
You rejoin the land of the living...
Found an animal skin.
Are you sure you want to abandon this character and quit the game? (Confirm with "yes".)

..##
#######..[...
.## ##.....
## *....## ##
# ..).##
.####..
*..[... *
.......
*#......
.(..##.
.......,
.......
##......#
.......
#@....#*
#######
*#..#### * #
.### ## * .#
.# **.# .## *
.#* ..### ,
.. ....##. ..
.......


There were no monsters in sight!

Vanquished Creatures
  Pikel (D:7)
  A slave (D:7)
  4 ogres
  A centaur (D:5)
  2 bullfrogs (D:6)
  2 scorpions
  A killer bee (D:7)
  7 wights (D:6)
  A crimson imp (D:6)
  3 orc priests
  2 hounds
  A jelly (D:6)
  A centaur zombie (D:6)
  3 orc wizards
  A centaur skeleton (D:3)
  3 iguanas
  5 worker ants
  A hound zombie (D:3)
  A howler monkey skeleton (D:5)
  8 adders
  5 gnolls
  3 shadow imps (D:6)
  2 oozes
  2 adder skeletons
  2 adder zombies
  5 worms
  3 dart slugs
  3 leopard geckos
  11 orcs
  5 giant cockroaches
  15 goblins
  7 hobgoblins
  4 jackals (D:4)
  2 quokkas
  2 ball pythons
  8 bats
  8 frilled lizards
  A jackal skeleton (D:4)
  7 kobolds
  A quokka skeleton (D:3)
  A quokka zombie (D:3)
  7 rats
153 creatures vanquished.

Vanquished Creatures (others)
  A slave (D:7)
  A phantom (D:7)
  A hound (D:7)
  A jelly (D:7)
  2 orcs (D:7)
  A ball python (D:4)
7 creatures vanquished.

Grand Total: 160 creatures vanquished

Notes
Turn   | Place    | Note
-------+----------+-------------------------------------------
     0 | D:1      | inc the Felid Fighter began the quest for the Orb.
     0 | D:1      | Reached XP level 1. HP: 10/10 MP: 2/2
   118 | D:1      | Reached XP level 2. HP: 13/14 MP: 3/3
   893 | D:1      | Reached XP level 3. HP: 18/18 MP: 4/4
   961 | D:2      | Found an iron altar of Okawaru.
  1489 | D:2      | Reached XP level 4. HP: 22/22 MP: 5/5
  1496 | D:2      | Reached skill level 5 in Fighting
  1653 | D:2      | Found a sacrificial altar of Ru.
  1754 | D:2      | Found a burning altar of Makhleb.
  2191 | D:3      | Found a shadowy altar of Dithmenos.
  2726 | D:3      | Reached XP level 5. HP: 27/27 MP: 6/6
  2965 | D:3      | Reached skill level 1 in Evocations
  3548 | D:4      | Found a stormy altar of Qazlal.
  3555 | D:4      | Became a worshipper of Qazlal Stormbringer
  3599 | D:4      | Gained mutation: You are covered in thick fur. (AC +2) [Felid growth]
  3599 | D:4      | Reached XP level 6. HP: 31/31 MP: 8/8
  3856 | D:4      | Gained mutation: You passively map a small area around you. [potion of mutation]
  3856 | D:4      | Gained mutation: You are partially covered in rugged brown scales. (AC +1, +3% HP) [potion of mutation]
  3889 | D:4      | Found Jobuis's Jewellery Shop.
  4404 | D:4      | Reached skill level 5 in Dodging
  4604 | D:5      | Entered Level 5 of the Dungeon
  4609 | D:5      | Slain by a centaur
  4610 | D:5      | Reached XP level 5. HP: 0/42 MP: 7/7
  4615 | D:5      | Noticed an ogre
  4626 | D:5      | Killed an ogre
  4626 | D:5      | Reached skill level 6 in Dodging
  4626 | D:5      | Reached XP level 6. HP: 31/31 MP: 8/8
  4866 | D:5      | Reached * piety under Qazlal
  4870 | D:5      | Reached skill level 5 in Evocations
  4870 | D:5      | Reached XP level 7. HP: 6/36 MP: 11/11
  5041 | D:5      | Found a sparkling altar of Nemelex Xobeh.
  5202 | D:5      | Found a staircase to the Ecumenical Temple.
  5300 | D:5      | Found a glowing silver altar of Zin.
  5663 | D:6      | Reached skill level 7 in Dodging
  5672 | D:6      | Reached skill level 8 in Dodging
  5676 | D:6      | Reached XP level 8. HP: 33/40 MP: 13/13
  5892 | D:6      | Reached skill level 9 in Dodging
  6750 | D:6      | Reached ** piety under Qazlal
  6750 | D:6      | Reached skill level 10 in Dodging
  7174 | D:7      | Noticed Pikel
  7189 | D:7      | Killed Pikel
  7189 | D:7      | Reached skill level 11 in Dodging
  7257 | D:7      | Reached XP level 9. HP: 43/43 MP: 14/14
  7299 | D:7      | Reached skill level 12 in Dodging
  7395 | D:7      | Noticed a two-headed ogre
  7403 | D:7      | Noticed Duvessa
  7405 | D:7      | Noticed Dowan
  7409 | D:7      | Demolished by a two-headed ogre
  7410 | D:7      | Reached XP level 8. HP: -14/60 MP: 13/13
  7410 | D:7      | Quit the game

Skill      XL: |  1  2  3  4  5  6  7  8  9 |
---------------+----------------------------+-----
Fighting       | 4 6 |  6.6
Evocations     | 2 5 6 |  6.2
Dodging        | 6 5 8 11 12 | 12.1
Unarmed Combat | |  4.0

Action                   |  1- 3 |  4- 6 |  7- 9 || total
-------------------------+-------+-------+-------++-------
Melee: Unarmed           |   106 |   238 |   196 ||   540
       Bite              |     9 |    19 |    30 ||    58
       Punch             |       |     5 |     5 ||    10
 Abil: Evoke Berserk Rag |       |    12 |     9 ||    21
  Use: Potion            |     1 |     1 |     2 ||     4
       Scroll            |       |     5 |       ||     5
 Stab: Sleeping          |     6 |     2 |       ||     8
       Distracted        |       |     1 |       ||     1
  Eat: Chunk             |       |    24 |     7 ||    31
       Ration            |       |       |     1 ||     1
Armor: Skin              |     6 |    18 |     4 ||    28
Dodge: Dodged            |    68 |   187 |   180 ||   435
Block: Other             |       |       |     8 ||     8
